 Dungeon Crawl Stone Soup version 0.21.1-1-g345015fe64 (webtiles) character file.

11878 Naru the Severer (level 11, -5/145 HPs)
             Began as a Hill Orc Fighter on June 22, 2018.
             Was a Priest of Beogh.
             Slain by Snorg (9 damage)
             ... on level 11 of the Dungeon.
             The game lasted 00:26:42 (11781 turns).

Naru the Severer (Hill Orc Fighter)                Turns: 11781, Time: 00:26:43

Health: -5/145     AC: 25    Str: 20    XL:     11   Next: 84%
Magic:  3/3        EV:  2    Int: 16    God:    Beogh [***...]
Gold:   732        SH: 17    Dex: 13    Spells: 10/10 levels left

rFire    x . .     SeeInvis .   u - +4 war axe (antimagic)
rCold    . . .     Gourm    .   o - +0 large shield
rNeg     + + +     Faith    .   (armour currently unavailable)
rPois    +         Spirit   .   (helmet currently unavailable)
rElec    +         Reflect  .   (cloak currently unavailable)
rCorr    .         Harm     .   (gloves currently unavailable)
MR       +....     NoTele   +   (boots currently unavailable)
Stlth    ++........             a - amulet of rage
HPRegen  0.34/turn              D - ring "Lioni" {+Inv rElec rF- rN+ Int+8}
MPRegen  0.08/turn              v - ring of protection from magic

@: tree-form, very slightly contaminated
A: no striking features
a: Smiting, Renounce Religion, Evoke Berserk Rage, Evoke Invisibility


You were on level 11 of the Dungeon.
You worshipped Beogh.
Beogh was most pleased with you.
You were not hungry.
You were a tree.
You visited 1 branch of the dungeon, and saw 11 of its levels.

You collected 732 gold pieces.

Inventory:

Hand Weapons
 u - a +4 antimagic war axe (weapon)
 G - the cursed +3 mace "Basetyas" {flame, MR+, unknown}
   (You found it on level 9 of the Dungeon)

   It has been specially enchanted to burn those struck by it, causing extra
   injury to most foes and up to half again as much damage against particularly
   susceptible opponents.
   It affects your resistance to hostile enchantments.
   It has a curse placed upon it.
 H - a +1 spear of piercing
 I - a cursed +0 hand crossbow
 J - a +2 arbalest of freezing
 L - the cursed +0 hand crossbow of Wubus {venom, rC+ MR+ Str-4, unknown}
   (You found it on level 10 of the Dungeon)

   It poisons the ammo it fires.
   It affects your strength (-4).
   It protects you from cold.
   It affects your resistance to hostile enchantments.
   It has a curse placed upon it.
 P - a +2 halberd of venom
Missiles
 p - 2 tomahawks (quivered)
 K - 5 javelins
Armour
 b - a +0 scale mail (melded)
 c - a +2 helmet (melded)
 o - a +0 large shield (worn)
 w - a +2 cloak (melded)
 x - a +2 pair of boots (melded)
 y - a +1 pair of gloves (melded)
Jewellery
 a - an amulet of rage (around neck)
 r - an uncursed ring of resist corrosion
 v - a ring of protection from magic (right branch)
 B - an uncursed amulet of guardian spirit
 C - a +3 ring of evasion
 D - the ring "Lioni" (left branch) {+Inv rElec rF- rN+ Int+8}
   (You found it on level 6 of the Dungeon)

   [ring of positive energy]

   It affects your intelligence (+8).
   It makes you vulnerable to fire.
   It insulates you from electricity.
   It protects you from negative energy.
   It lets you turn invisible.
 E - a +6 ring of strength {unknown}
 F - an uncursed amulet of faith {unknown}
Wands
 R - a wand of iceblast (15)
Scrolls
 e - 3 scrolls of magic mapping
 i - 2 scrolls of fear
 j - 3 scrolls of teleportation
 k - 2 scrolls of amnesia
 s - 2 scrolls of fog
 z - 2 scrolls of remove curse
 N - a scroll of holy word {unknown}
 S - a scroll of identify
Potions
 g - 2 potions of heal wounds {unknown}
 h - 4 potions of curing
 l - 2 potions of degeneration {unknown}
 m - a potion of cancellation {unknown}
 n - a potion of mutation {unknown}
 q - 3 potions of ambrosia
 t - 2 potions of haste {unknown}
 A - a potion of lignification
Books
 M - a book of Flames

   Spells                             Type                      Level
   a - Flame Tongue                   Conjuration/Fire             1
   b - Throw Flame                    Conjuration/Fire             2
   c - Conjure Flame                  Conjuration/Fire             3
   d - Inner Flame                    Hexes/Fire                   3
   e - Sticky Flame                   Conjuration/Fire             4
   f - Fireball                       Conjuration/Fire             5
Miscellaneous
 O - a lightning rod (4/4)
Comestibles
 f - 15 rations


   Skills:
 * Level 9.6 Fighting
 * Level 16.1 Axes
 + Level 6.4 Armour
 - Level 0.9 Dodging
 + Level 1.1 Stealth
 * Level 10.8 Shields


You had 10 spell levels left.
You didn't know any spells.

Dungeon Overview and Level Annotations

Branches:
Dungeon (11/15)            Temple (0/1) D:7             Orc (0/2) D:11
   Lair: D:8-11

Altars:
Cheibriados
Okawaru
Zin

Shops:
D:6 *   D:7 *   D:10 *

Annotations:
D:11 Snorg


Message History

Snorg barely misses you.
You slash Snorg!
Snorg is moderately wounded.
Snorg is no longer berserk.
Snorg bites you but does no damage. You block Snorg's attack.
Snorg claws you but does no damage. You block Snorg's attack. Snorg claws you!
* * * LOW HITPOINT WARNING * * *
Snorg claws you but does no damage.
You slice Snorg!!
Snorg is heavily wounded.
You slice Snorg!!
Snorg is severely wounded.
You block Snorg's attack. Snorg claws you but does no damage. Snorg claws you.
* * * LOW HITPOINT WARNING * * *
You slash Snorg!
Snorg is severely wounded.
You completely miss Snorg.
Snorg is severely wounded.
Snorg bites you!
You die...

# #8)..8#.# #.##...))#÷#
#.##.)>[((.# #.##...))#)#
#.##8...8#.# ##
#.########.#..## ##.##
#........
#########...#####.####.##
#......T♣.........# #
#.#######...#######
####.### ##.## #......#
#.# #.##.#.# #.# # ##T#.#
#+# #..# # #.## #§#


You could see Snorg.

Vanquished Creatures
  Gastronok (D:8)
  A two-headed ogre (D:9)
  The ghost of hofbold the Skirmisher, a novice GrGl (D:7)
  An ugly thing (D:7)
  A manticore (D:11)
  Joseph (D:7)
  2 trolls
  Grinder (D:4)
  2 hippogriffs
  A wyvern (D:8)
  The ghost of Tali the Covered, an amateur MiFi (D:3)
  A human (D:9)
  Menkaure (D:4)
  4 orc warriors
  2 phantoms
  A sky beast (D:8)
  4 ice beasts
  18 ogres
  2 black bears
  7 centaurs
  6 big kobolds
  6 bullfrogs
  A gnoll sergeant (D:11)
  A wyvern zombie (D:7)
  4 scorpions
  12 killer bees
  3 howler monkeys
  5 crimson imps
  A bullfrog zombie (D:8)
  2 gnoll shamans (D:10)
  3 jellies
  A centaur zombie (D:8)
  A centaur skeleton (D:10)
  An orc priest (D:9)
  6 hounds
  2 bullfrog skeletons
  3 iguanas
  7 orc wizards
  5 worker ants
  A hound skeleton (D:4)
  A hound zombie (D:7)
  Robin (D:2)
  A howler monkey skeleton (D:5)
  15 adders
  12 gnolls
  4 shadow imps
  An adder zombie (D:7)
  3 adder skeletons
  3 worms
  5 dart slugs
  4 leopard geckos
  29 orcs
  6 giant cockroaches
  24 goblins
  14 hobgoblins
  10 jackals
  14 kobolds
  6 quokkas
  3 ball pythons
  7 bats
  5 frilled lizards
  A quokka skeleton (D:8)
  6 rats
299 creatures vanquished.

Vanquished Creatures (collateral kills)
  A gnoll (D:11)
1 creature vanquished.

Vanquished Creatures (others)
  The ghost of JarielCorvus the Magician, an amateur DEIE of Qazlal (D:4)
  3 orc warriors (D:11)
  A centaur skeleton (D:4)
  A gnoll (D:5)
  8 orcs
  4 fungi (D:10)
  3 plants (D:10)
21 creatures vanquished.

Grand Total: 321 creatures vanquished

Notes
Turn   | Place    | Note
-------+----------+-------------------------------------------
     0 | D:1      | Naru the Hill Orc Fighter began the quest for the Orb.
     0 | D:1      | Reached XP level 1. HP: 19/19 MP: 1/1
   182 | D:1      | Reached XP level 2. HP: 23/27 MP: 2/2
   415 | D:1      | Reached skill level 3 in Axes
   505 | D:1      | Reached XP level 3. HP: 33/33 MP: 3/3
  1062 | D:2      | Reached XP level 4. HP: 31/40 MP: 4/4
  1314 | D:2      | Reached skill level 4 in Axes
  1906 | D:2      | Noticed Robin
  1915 | D:2      | Killed Robin
  1915 | D:2      | Reached XP level 5. HP: 35/47 MP: 5/5
  2447 | D:3      | Noticed Tali's ghost (amateur MiFi)
  2467 | D:3      | Killed Tali's ghost
  2467 | D:3      | Reached skill level 5 in Axes
  2467 | D:3      | Reached XP level 6. HP: 21/55 MP: 6/6
  2800 | D:3      | Reached skill level 5 in Fighting
  2813 | D:3      | Reached skill level 6 in Axes
  3236 | D:3      | Found an iron altar of Okawaru.
  3304 | D:4      | Killed JarielCorvus's ghost
  3507 | D:4      | Noticed Grinder
  3512 | D:4      | Paralysed by Grinder for 4 turns
  3518 | D:4      | Killed Grinder
  3518 | D:4      | Reached skill level 7 in Axes
  3518 | D:4      | Reached skill level 5 in Shields
  3518 | D:4      | Reached XP level 7. HP: 48/61 MP: 7/7
  3697 | D:4      | Reached skill level 8 in Axes
  3752 | D:4      | Noticed Menkaure
  3767 | D:4      | Killed Menkaure
  3767 | D:4      | Reached XP level 8. HP: 16/70 MP: 8/8
  4258 | D:4      | Reached skill level 9 in Axes
  4477 | D:5      | Entered Level 5 of the Dungeon
  4640 | D:6      | Reached skill level 10 in Axes
  4892 | D:5      | Became a worshipper of Beogh the Brigand
  5143 | D:5      | Reached XP level 9. HP: 75/75 MP: 9/9
  5294 | D:5      | Found a glowing silver altar of Zin.
  5294 | D:5      | Found a snail-covered altar of Cheibriados.
  5472 | D:5      | Reached skill level 11 in Axes
  5959 | D:6      | Found Takhloa's Assorted Antiques.
  6051 | D:6      | Got a wavering silver ring
  6088 | D:6      | Identified the ring "Lioni" {+Inv rElec rF- rN+ Int+8} (You found it on level 6 of the Dungeon)
  6371 | D:7      | Reached skill level 5 in Armour
  6432 | D:7      | Found a staircase to the Ecumenical Temple.
  6480 | D:7      | Noticed Joseph
  6506 | D:7      | Killed Joseph
  6714 | D:7      | Reached skill level 12 in Axes
  6768 | D:7      | Noticed a brown ugly thing
  6782 | D:7      | Killed a brown ugly thing
  6782 | D:7      | Reached XP level 10. HP: 20/86 MP: 3/10
  7105 | D:7      | Found Gittink's Elemental Accessories.
  7363 | D:7      | Noticed hofbold's ghost (novice GrGl)
  7381 | D:7      | Killed hofbold's ghost
  7381 | D:7      | Reached skill level 13 in Axes
  7791 | D:8      | Noticed Gastronok
  7864 | D:8      | Killed Gastronok
  7864 | D:8      | Reached skill level 14 in Axes
  7864 | D:8      | Reached skill level 1 in Stealth
  8072 | D:8      | Reached * piety under Beogh
  8241 | D:8      | Reached XP level 11. HP: 95/95 MP: 3/11
  9067 | D:9      | Reached ** piety under Beogh
  9270 | D:9      | Got a slimy mace
  9336 | D:9      | Reached skill level 15 in Axes
  9642 | D:9      | Reached skill level 10 in Shields
  9734 | D:9      | Noticed a two-headed ogre
  9745 | D:9      | Killed a two-headed ogre
  9893 | D:10     | Entered Level 10 of the Dungeon
  9905 | D:10     | Got a fine hand crossbow
 10281 | D:10     | Found Ciomn's Changing Room.
 10701 | D:10     | Reached *** piety under Beogh
 11296 | D:11     | Found a staircase to the Orcish Mines.
 11322 | D:11     | Noticed a manticore
 11324 | D:11     | Reached skill level 16 in Axes
 11328 | D:11     | Killed a manticore
 11754 | D:11     | Noticed Snorg
 11777 | D:11     | HP: 6/145 [Snorg (7)]
 11781 | D:11     | Slain by Snorg

Skill      XL: |  1  2  3  4  5  6  7  8  9 10 11 |
---------------+----------------------------------+-----
Axes           | 3 4 5 7 8 10 12 14 16 | 16.1
Fighting       | 4 5 6 7 8 9 |  9.6
Shields        | 4 5 6 8 9 10 | 10.8
Armour         | 4 5 6 |  6.4
Stealth        | 1 |  1.1
Dodging        | |  0.9

Action                   |  1- 3 |  4- 6 |  7- 9 | 10-12 || total
-------------------------+-------+-------+-------+-------++-------
Melee: War axe           |   139 |   212 |   237 |   413 ||  1001
Invok: Convert to Beogh  |       |       |     1 |       ||     1
  Use: Potion            |       |     3 |     1 |     3 ||     7
       Scroll            |       |       |    17 |     2 ||    19
  Eat: Chunk             |     1 |     8 |     5 |     6 ||    20
       Ration            |       |       |     2 |     3 ||     5
Armor: Scale mail        |    61 |   107 |    95 |   135 ||   398
       Skin              |       |       |       |     4 ||     4
Dodge: Dodged            |    50 |    47 |    45 |    70 ||   212
Block: Shield            |    87 |     3 |       |       ||    90
       Large shield      |       |   202 |   194 |   335 ||   731
